Match 47304216
Unlisted

Match 47304216
End
Construct Section Command Post
Selects Canadian Shock Battlegroup
Royal Engineer Section
Royal Engineer Section
Dingo Light Scout Car
Dingo Light Scout Car
Construct Platoon Command Post
Selects Offensive Resupply
Selects Canadian Shock Section
Canadian Shock Section
Selects Incendiary Munitions
Canadian Shock Section
Unlock M3 Stuart Light Tanks
M3 Stuart Light Tank
M3 Stuart Light Tank
Infantry Training
M3 Stuart Light Tank
M3 Stuart Light Tank
Selects Pyrotechnics
Construct Company Command Post
Crusader II Medium Tank
CMP 15cwt Truck
Crusader II Medium Tank
Selects Churchill Crocodile Heavy Tank
Churchill Crocodile Heavy Tank
Selects Smoke Operation
Smoke Operation
Crusader II Medium Tank
Crusader II Medium Tank
Crusader II Medium Tank
往事已去
MINK IS GOLD
Elpsy
Shirasu Azusa
打精锐的李云龙!
1789Lan1949
飞鼠
Egmont
0
0

Comments sign in to comment!

No comments posted yet!